 Dungeon Crawl Stone Soup version 0.29.1-12-g30fa7ad0bf (webtiles) character file.

Game seed: 16265153614217944366

107 venomsnake the Conjurer (level 4, -1/24 HPs)
             Began as a Deep Elf Conjurer on Dec 26, 2022.
             Slain by an orc priest
             ... wielding a +0 hand axe
              (4 damage)
             ... on level 4 of the Dungeon.
             The game lasted 00:07:28 (3628 turns).

venomsnake the Conjurer (Deep Elf Conjurer)         Turns: 3628, Time: 00:07:28

Health: -1/24      AC:  3    Str: 10    XL:     4   Next: 57%
Magic:  6/11       EV: 12    Int: 25    God:
Gold:   174        SH:  0    Dex: 13    Spells: 7/10 levels left

rFire   . . .      SeeInvis .   e - +2 whip (drain)
rCold   . . .      Faith    .   (no shield)
rNeg    . . .      Spirit   .   a - +0 robe
rPois   .          Reflect  .   (no helmet)
rElec   .          Harm     .   (no cloak)
rCorr   .          Rampage  .   l - +0 pair of gloves
Will    .....                   (no boots)
Stlth   ++........              (no amulet)
HPRegen 0.08/turn               r - +6 ring of strength
MPRegen 0.12/turn               (no ring)

@: very slightly contaminated
A: no striking features
a: no special abilities


You were on level 4 of the Dungeon.
You visited 1 branch of the dungeon, and saw 4 of its levels.

You collected 174 gold pieces.

Inventory:

Hand Weapons
 e - a +2 whip of draining (weapon)
Armour
 a - a +0 robe (worn)
 l - a +0 pair of gloves (worn)
Jewellery
 r - a +6 ring of strength (left hand)
Scrolls
 c - 5 scrolls of identify {unknown}
 f - 3 scrolls of teleportation {unknown}
 g - 2 scrolls of magic mapping {unknown}
 h - 3 scrolls of silence {unknown}
 j - a scroll of immolation {unknown}
 m - a scroll of fear {unknown}
 p - 2 scrolls of butterflies {unknown}
 q - a scroll of enchant weapon {unknown}
Potions
 b - a potion of magic
 d - a potion of mutation {unknown}
 i - 4 potions of curing {unknown}
 k - 2 potions of cancellation {unknown}
 n - 2 potions of heal wounds {unknown}
 o - a potion of degeneration {unknown}


   Skills:
 * Level 1.4 Armour
 - Level 3.0 Dodging
 + Level 3.4 Stealth
 + Level 3.9 Spellcasting
 + Level 5.0 Conjurations
 + Level 1.1 Translocations


You had 7 spell levels left.
You knew the following spells:

 Your Spells              Type           Power      Damage    Failure   Level
a - Magic Dart            Conj           100%       1d8       1%          1
b - Searing Ray           Conj           58%        2d6       1%          2

Your spell library contained the following spells:

 Spells                   Type           Power      Damage    Failure   Level
 Summon Small Mammal      Summ           16%        N/A       10%         1
 Dazzling Flash           Conj/Hex       34%        N/A       10%         3
 Iskenderun's Mystic Bla  Conj/Tloc      20%        2d6       26%         4
 Call Canine Familiar     Summ           4%         N/A       28%         3
 Summon Guardian Golem    Hex/Summ       4%         N/A       28%         3
 Fulminant Prism          Conj/Hex       8%         3d7       32%         4
 Lightning Bolt           Conj/Air       8%         1d21      67%         5
 Death's Door             Necr           2%         N/A       100%        9


Dungeon Overview and Level Annotations

Branches:
Dungeon (4/15)
 Temple: D:4-7

Altars:
Elyvilon
Makhleb
Qazlal
Sif Muna
Trog
Zin

Shops:
D:1 :


Message History

Unknown command.
Magic courses through your body.
The orc wizard points at you and mumbles some strange words.
You resist with some effort.
Casting: Searing Ray (safe; 1% risk of failure)
Confirm with . or Enter, or press ? or * to list all spells.
Aiming: Searing Ray (safe; 1% risk of failure)
Press: ? - help, Shift-Dir - straight line, f/p - orc wizard
Aim: an orc wizard, wielding a +0 dagger and wearing a +0 robe (severely wounded, 74% to hit)
You miscast Searing Ray.
You are very lightly contaminated with residual magic.
Nothing appears to happen.
The orc priest hits you with a +0 hand axe.
* * * LOW HITPOINT WARNING * * *
The orc wizard hits you with a +0 dagger.
* * * LOW HITPOINT WARNING * * *
Casting: Searing Ray (safe; 1% risk of failure)
Confirm with . or Enter, or press ? or * to list all spells.
Aiming: Searing Ray (safe; 1% risk of failure)
Press: ? - help, Shift-Dir - straight line, f/p - orc wizard
Aim: an orc wizard, wielding a +0 dagger and wearing a +0 robe (severely wounded, 74% to hit)
The searing ray hits the orc wizard.
The orc wizard is severely wounded.
The searing ray misses the ball python. (Press . to maintain the ray.)
The orc priest calls upon Beogh to heal the orc wizard.
The orc wizard is healed somewhat.
The orc wizard mumbles some strange words.
The orc wizard flickers and vanishes!
Deactivating autopickup; reactivate with Ctrl-A.
Casting: Searing Ray (safe; 1% risk of failure)
Confirm with . or Enter, or press ? or * to list all spells.
Restarting spell: Searing Ray (safe; 1% risk of failure)
Press: ? - help, Shift-Dir - straight line, f - orc priest
Aim: an orc priest, wielding a +0 hand axe (79% to hit)
The searing ray hits the orc priest!
The orc priest is severely wounded. (Press . to maintain the ray.)
The orc priest hits you with a +0 hand axe.
You die...

# #..# #..#
###########..#
#...S{@......#
#....o.......#
.)........##..#
)#)######.##..######
..#.###......<......#
.........#.##..####.#
..#...............
#.###..#.###.###.. ..
#..#.# .#


You could see an orc priest and a ball python.

Vanquished Creatures
  An adder (D:2)
  A gnoll (D:1)
  2 dart slugs (D:2)
  7 orcs
  4 endoplasms
  15 giant cockroaches
  3 goblins (D:1)
  7 hobgoblins
  4 jackals (D:2)
  A kobold (D:1)
  A quokka (D:2)
  6 ball pythons
  5 bats
  5 frilled lizards
  7 rats
69 creatures vanquished.

Vanquished Creatures (others)
  26 plants (D:2)
26 creatures vanquished.

Grand Total: 95 creatures vanquished

Notes
Turn   | Place    | Note
-------+----------+-------------------------------------------
     0 | D:1      | venomsnake the Deep Elf Conjurer began the quest for the
                  | Orb.
     0 | D:1      | Reached XP level 1. HP: 10/10 MP: 6/6
     7 | D:1      | Got the Folio of Violent Maleficent Rites
    75 | D:1      | Found Dicuanka's Vocational Training.
   346 | D:1      | Reached XP level 2. HP: 15/15 MP: 6/8
   352 | D:1      | Learned a level 2 spell: Searing Ray
  1050 | D:2      | Reached XP level 3. HP: 19/19 MP: 6/10
  1769 | D:2      | Found a glowing silver altar of Zin.
  2654 | D:3      | Reached skill level 1 in Armour
  2678 | D:3      | Reached XP level 4. HP: 24/24 MP: 9/11
  2937 | D:3      | Found a faded altar of an unknown god.
  3064 | D:3      | Found a bloodstained altar of Trog.
  3064 | D:3      | Found a white marble altar of Elyvilon.
  3091 | D:3      | Found a stormy altar of Qazlal.
  3117 | D:3      | Reached skill level 1 in Translocations
  3503 | D:3      | Found a burning altar of Makhleb.
  3556 | D:3      | Found a faded altar of an unknown god.
  3561 | D:3      | Found a shimmering blue altar of Sif Muna.
  3617 | D:4      | Reached skill level 5 in Conjurations
  3628 | D:4      | Slain by an orc priest

Illustrated notes

Levels and vault maps discovered:
D:1:      minmay_arrival_radiant_lines, layout_basic, nicolae_shop_vocational
D:2:      wad_woods_pond, layout_basic, basic_altar, serial_bayou,
          serial_bayou_ford_a, serial_bayou_pond_a, serial_bayou_shore_a,
          serial_bayou_shore_b, serial_bayou_crossing
D:3:      minmay_roachtagon, layout_rooms, nicolae_overflow_ecumenical_swirl,
          grunt_temple_overflow_open, hellmonk_ecumenical_altar_defaced_shrine
D:4:      layout_basic, riverfiend_overflow_shadow_ancestor,
          gammafunk_ghost_cemetery

Skill      XL: |  1  2  3  4 |
---------------+-------------+-----
Stealth        | 3 |  3.4
Dodging        | 3 |  3.0
Armour         | 1 |  1.4
Translocations | 1 |  1.1
Conjurations   | 5 |  5.0
Spellcasting   | |  3.9

Action                   |  1- 3 |  4- 6 || total
-------------------------+-------+-------++-------
Melee: Whip              |     5 |    12 ||    17
       Punch             |     1 |       ||     1
 Cast: Magic Dart        |    83 |    62 ||   145
       Searing Ray       |     3 |     3 ||     6
  Use: Potion            |       |     1 ||     1
Armor: Robe              |     4 |     8 ||    12
Dodge: Dodged            |     8 |    31 ||    39
